 Dungeon Crawl Stone Soup version 0.23.2-1-ga50397a6bc (webtiles) character file.

Game seed: 13168614952797446148

4092 Mrkan the Grappler (level 10, -6/100 HPs)
             Began as a Troll Monk on May 20, 2019.
             Mangled by a killer bee (9 damage)
             ... on level 9 of the Dungeon.
             The game lasted 00:12:49 (6436 turns).

Mrkan the Grappler (Troll Monk)                     Turns: 6436, Time: 00:12:49

Health: -6/100     AC:  6    Str: 24    XL:     10   Next: 5%
Magic:  9/9        EV: 20    Int:  6    God:
Gold:   461        SH:  0    Dex: 21    Spells: 9/9 levels left

rFire    . . .     SeeInvis .     - Unarmed
rCold    . . .     Gourm    +   (no shield)
rNeg     . . .     Faith    .   a - +0 robe
rPois    .         Spirit   .   (helmet restricted)
rElec    .         Reflect  .   (no cloak)
rCorr    .         Harm     .   (gloves unavailable)
MR       +....                  (boots unavailable)
Stlth    +++.......             (no amulet)
HPRegen  0.66/turn              x - +4 ring of dexterity
MPRegen  0.11/turn              e - ring of protection from magic

@: agile, lethally poisoned (-6 -> -8)
A: large, unfitting armour, claws 3, fast metabolism 3, gourmand, regeneration
1, shaggy fur 1, tough skin 3
a: no special abilities


You were on level 9 of the Dungeon.
You were very full.

You visited 1 branch of the dungeon, and saw 9 of its levels.

You collected 461 gold pieces.

Inventory:

Hand Weapons
 v - a +0 whip of pain
Missiles
 B - 5 poisoned tomahawks (quivered)
Armour
 a - a +0 robe (worn)
 m - a cursed +0 robe
Jewellery
 e - a ring of protection from magic (right claw)
 w - a +3 ring of dexterity
 x - a +4 ring of dexterity (left claw)
 y - a +2 ring of intelligence
 F - an uncursed ring of fire {unknown}
Wands
 p - a wand of paralysis (36)
 I - a wand of disintegration (16)
Scrolls
 d - 5 scrolls of remove curse
 g - 2 scrolls of magic mapping
 j - 2 scrolls of noise {unknown}
 q - a scroll of fear {unknown}
 r - a scroll of amnesia {unknown}
 z - 3 scrolls of enchant weapon {unknown}
 A - a scroll of random uselessness {unknown}
 C - 4 scrolls of fog {unknown}
 E - 3 scrolls of identify
Potions
 c - a potion of degeneration {unknown}
 f - a potion of magic {unknown}
 h - 2 potions of agility
 i - a potion of curing
 k - 2 potions of brilliance {unknown}
 l - a potion of might
 n - a potion of heal wounds {unknown}
 o - 3 potions of ambrosia
 s - a potion of haste {unknown}
 t - a potion of flight {unknown}
 u - a potion of berserk rage {unknown}
 D - a potion of resistance {unknown}
 G - a potion of cancellation {unknown}
 H - a potion of mutation {unknown}
Comestibles
 b - 14 rations


   Skills:
 + Level 6.5 Fighting
 + Level 6.5 Dodging
 - Level 1.0 Stealth
 * Level 10.7 Unarmed Combat


You had 9 spell levels left.
You didn't know any spells.
Your spell library contained the following spells:

 Spells                   Type           Power        Failure   Level  Hunger
 Summon Small Mammal      Summ           #...         45%         1    ##.....
 Call Imp                 Summ           #.......     58%         2    ###....
 Call Canine Familiar     Summ           #.......     83%         3    ####...
 Summon Guardian Golem    Hex/Summ       #.......     83%         3    ####...
 Summon Ice Beast         Ice/Summ       #.......     99%         4    #####..
 Summon Lightning Spire   Summ/Air       #.......     99%         4    #####..


Dungeon Overview and Level Annotations

Branches:
Dungeon (9/15)             Temple (0/1) D:4
   Lair: D:8-11         Orc: D:9-12

Altars:
Cheibriados
The Shining One

Shops:
D:7 (


Innate Abilities, Weirdness & Mutations

You are too large for most types of armour.
You have claws for hands.
Your metabolism is lightning-fast.
You like to eat raw meat.
Your natural rate of healing is unusually fast.
You are covered in fur. (AC +1)
You have extremely tough skin. (AC +3)


Message History

The killer bee poisons you! The centaur skeleton hits you.
* * * LOW HITPOINT WARNING * * *
The killer bee barely misses you. The killer bee stings you.
* * * LOW HITPOINT WARNING * * *
You feel sick. The killer bee stings you!
* * * LOW HITPOINT WARNING * * *
The killer bee misses you.
The killer bee stings you but does no damage.
The killer bee completely misses you. x2
You feel sick. The killer bee closely misses you. x2
The killer bee misses you.
The centaur skeleton closely misses you.
The killer bee stings you.
* * * LOW HITPOINT WARNING * * *
You feel sick. The killer bee misses you. The killer bee closely misses you.
Okay, then.
As you read the scroll labeled UFERHIRHEA, it crumbles to dust.
You feel aware of your surroundings.
It was a scroll of magic mapping.
You feel sick. The killer bee misses you. The killer bee stings you!
You die...

,,,,,,,,,...#####........#......>
,,,,,,,,,....###........###....#.
,,,,,,,,......#........#####..###
,,,,,,,...............#######..#.
,,,,,,,................#####.....
,,,,,,..................###......
,,,,,..#................)#.......
,,,,,.###................).......
,*,,,#####....oy@...........)....
***,*######...yyyZ..........)....
,*,,,#####......yT...............
,,,,,.###........................
,,,,,..#.....)...........#.......
,,,,,......)(...........###......
,,,,,..................#####.....
,,,,,..$..............#######..#.
,,,,,.........#........#####..###


You could see a troll, 5 killer bees, an orc and a centaur skeleton.

Vanquished Creatures
  Harold (D:8)
  An orc warrior (D:9)
  2 ice beasts
  A phantom (D:5)
  A necrophage (D:8)
  3 ogres
  2 sky beasts
  5 centaurs
  3 big kobolds (D:7)
  4 bullfrogs
  3 scorpions
  6 howler monkeys
  4 crimson imps
  A quasit (D:6)
  A jelly (D:6)
  A hound (D:9)
  5 orc priests
  3 iguanas
  12 orc wizards
  7 worker ants
  A hound zombie (D:5)
  A howler monkey zombie (D:6)
  A worker ant zombie (D:5)
  4 gnolls
  8 adders
  A howler monkey skeleton (D:4)
  2 shadow imps
  3 oozes
  An adder zombie (D:6)
  3 dart slugs
  3 worms
  7 leopard geckos
  25 orcs
  7 bats
  7 giant cockroaches
  5 goblins
  13 hobgoblins
  13 jackals
  27 kobolds
  3 quokkas
  4 frilled lizards
  A quokka skeleton (D:4)
  7 rats
213 creatures vanquished.

Notes
Turn   | Place    | Note
-------+----------+-------------------------------------------
     0 | D:1      | Mrkan the Troll Monk began the quest for the Orb.
     0 | D:1      | Reached XP level 1. HP: 22/22 MP: 0/0
    54 | D:1      | Reached XP level 2. HP: 24/29 MP: 1/1
   187 | D:1      | Reached XP level 3. HP: 36/36 MP: 2/2
   759 | D:2      | Reached skill level 4 in Unarmed Combat
   762 | D:2      | Found a snail-covered altar of Cheibriados.
   825 | D:2      | Reached XP level 4. HP: 36/44 MP: 3/3
  1680 | D:3      | Reached XP level 5. HP: 52/53 MP: 4/4
  2091 | D:4      | Reached skill level 5 in Unarmed Combat
  2148 | D:4      | Reached XP level 6. HP: 61/61 MP: 5/5
  2272 | D:4      | Found a staircase to the Ecumenical Temple.
  2708 | D:5      | Entered Level 5 of the Dungeon
  2731 | D:5      | Found a glowing golden altar of the Shining One.
  2860 | D:5      | Reached skill level 6 in Unarmed Combat
  2874 | D:5      | Reached XP level 7. HP: 60/68 MP: 6/6
  3165 | D:5      | Reached skill level 7 in Unarmed Combat
  3738 | D:6      | Reached XP level 8. HP: 68/79 MP: 7/7
  4226 | D:6      | Reached skill level 8 in Unarmed Combat
  4552 | D:7      | Reached skill level 5 in Fighting
  4553 | D:7      | Reached skill level 5 in Dodging
  4760 | D:7      | Found Koank's Weapon Boutique.
  4864 | D:7      | Reached XP level 9. HP: 88/88 MP: 8/8
  4872 | D:7      | Reached skill level 9 in Unarmed Combat
  5514 | D:8      | Noticed Harold
  5527 | D:8      | Killed Harold
  5527 | D:8      | Reached skill level 10 in Unarmed Combat
  6373 | D:9      | Reached XP level 10. HP: 86/100 MP: 9/9
  6434 | D:9      | HP: 3/100 [killer bee (5)]
  6436 | D:9      | Mangled by a killer bee

Skill      XL: |  1  2  3  4  5  6  7  8  9 |
---------------+----------------------------+-----
Unarmed Combat | 4 5 6 7 8 10 | 10.7
Fighting       | 3 4 5 6 |  6.5
Dodging        | 3 4 5 6 |  6.5
Stealth        | |  1.0

Action                   |  1- 3 |  4- 6 |  7- 9 | 10-12 || total
-------------------------+-------+-------+-------+-------++-------
Melee: Unarmed           |    83 |   152 |   318 |    16 ||   569
       Punch             |     1 |     6 |    12 |     1 ||    20
  Use: Scroll            |       |       |     9 |     1 ||    10
       Potion            |       |       |     1 |     2 ||     3
 Stab: Sleeping          |     3 |     4 |     3 |       ||    10
  Eat: Chunk             |    13 |    19 |    30 |       ||    62
Armor: Robe              |    44 |    41 |   101 |    10 ||   196
Dodge: Dodged            |    48 |    73 |   226 |    78 ||   425
